 Dungeon Crawl Stone Soup version 0.28-a0-60-g54b5640690 (webtiles) character file.

Game seed: 1454721550154518463

88 popfantom the Ruffian (level 4, -3/45 HPs)
             Began as a Troll Berserker on July 30, 2021.
             Was a Believer of Trog.
             Slain by Grinder (5 damage)
             ... on level 3 of the Dungeon.
             The game lasted 00:06:25 (1975 turns).

popfantom the Ruffian (Troll Berserker)             Turns: 1975, Time: 00:06:26

Health: -3/45      AC:  4    Str: 26    XL:     4   Next: 29%
Magic:  3/3        EV: 10    Int:  3    God:    Trog [**....]
Gold:   90         SH:  0    Dex:  9    Spells: 3/3 levels left

rFire   . . .      SeeInvis .     - Unarmed
rCold   . . .      Faith    .   (no shield)
rNeg    . . .      Spirit   .   a - +0 animal skin
rPois   .          Reflect  .   (helmet restricted)
rElec   .          Harm     .   (no cloak)
rCorr   .          Rampage  .   (gloves unavailable)
Will    .....                   (boots unavailable)
Stlth   +.........              (no amulet)
HPRegen 1.15/turn               (no ring)
MPRegen 0.08/turn               (no ring)

@: no status effects
A: large, unfitting armour, claws 3, regeneration 1, shaggy fur 1, tough skin 1
a: Renounce Religion, Berserk, Trog's Hand


You were on level 3 of the Dungeon.
You worshipped Trog.
Trog was pleased with you.
You visited 1 branch of the dungeon, and saw 3 of its levels.

You collected 90 gold pieces.

Inventory:

Missiles
 c - 106 stones (quivered)
 f - 25 arrows
 g - 8 boomerangs
Armour
 a - a +0 animal skin (worn)
 d - a +0 robe
Scrolls
 i - a scroll of blinking {unknown}
 l - a scroll of identify {unknown}
 m - a scroll of amnesia {unknown}
Potions
 b - 2 potions of flight {unknown}
 e - 2 potions of heal wounds {unknown}
 h - 2 potions of berserk rage {unknown}
 j - a potion of haste {unknown}
 k - a potion of mutation {unknown}


   Skills:
 + Level 3.0 Fighting
 + Level 3.0 Dodging
 + Level 0.2 Stealth
 + Level 4.0 Unarmed Combat


You had 3 spell levels left.
You didn't know any spells.
Your spell library was empty.

Dungeon Overview and Level Annotations

Branches:
Dungeon (3/15)

Altars:

Annotations:
D:3 Grinder


Innate Abilities, Weirdness & Mutations

You are too large for most types of armour.
You have claws for hands.
Your natural rate of healing is unusually fast.
You are covered in fur. (AC +1)
You have tough skin. (AC +1)


Message History

Grinder is severely wounded.
Grinder hits you!
You writhe in agony.
* * * LOW HITPOINT WARNING * * *
Grinder says, "Tell me all your secrets, or I'll kill you."
Grinder blinks!
Things that are here:
a +0 club; a goblin corpse; a hobgoblin corpse Grinder hits you!
You writhe in agony.
You barely miss Grinder.
Grinder is severely wounded.
Grinder hits you but does no damage.
You barely miss Grinder.
Grinder is severely wounded.
Grinder gestures at you.
You suddenly lose the ability to move!
Grinder gestures at you.
You barely resist. Grinder hits you. x2
You writhe in agony.
Grinder hits you. x2
You writhe in agony.
* * * LOW HITPOINT WARNING * * *
Grinder hits you.
* * * LOW HITPOINT WARNING * * *
Grinder hits you but does no damage.
You can move again.
Grinder blinks!
Grinder hits you.
* * * LOW HITPOINT WARNING * * *
You writhe in agony.
* * * LOW HITPOINT WARNING * * *
You barely miss Grinder.
Grinder is severely wounded.
Grinder gestures at you. Pain shoots through your body!
* * * LOW HITPOINT WARNING * * *
You scratch Grinder but do no damage.
Grinder is severely wounded.
Grinder hits you.
You die...

#..# ##.#
#.##......
#........
.######.###....
...............
..#####.....#+#
#.>.......#
#.#...#5..#
#.#.#.#@).#
#.#...#...#
#.###.##.##
#........<#
###########


You could see Grinder.

Vanquished Creatures
  A jelly (D:3)
  2 adders (D:2)
  6 endoplasms
  A giant cockroach (D:1)
  6 goblins
  4 hobgoblins
  4 quokkas
  3 ball pythons
  2 bats (D:1)
  2 frilled lizards
  4 kobolds (D:2)
  2 rats (D:1)
37 creatures vanquished.

Vanquished Creatures (others)
  11 plants (D:2)
11 creatures vanquished.

Grand Total: 48 creatures vanquished

Notes
Turn   | Place    | Note
-------+----------+-------------------------------------------
     0 | D:1      | popfantom the Troll Berserker began the quest for the Orb.
     0 | D:1      | Reached XP level 1. HP: 22/22 MP: 0/0
   108 | D:1      | Reached XP level 2. HP: 29/29 MP: 1/1
   707 | D:1      | Found a faded altar of an unknown god.
  1393 | D:2      | Reached XP level 3. HP: 36/36 MP: 2/2
  1480 | D:2      | Reached ** piety under Trog
  1904 | D:3      | Reached skill level 4 in Unarmed Combat
  1904 | D:3      | Reached XP level 4. HP: 36/45 MP: 3/3
  1934 | D:3      | Noticed Grinder
  1934 | D:3      | Paralysed by Grinder for 2 turns
  1964 | D:3      | Paralysed by Grinder for 7 turns
  1974 | D:3      | HP: 1/45 [Grinder/nerve-wracking pain (6)]
  1975 | D:3      | Slain by Grinder

Illustrated notes

Levels and vault maps discovered:
D:1:      amcnicky_arrival_abandoned_market, layout_basic,
          basic_ecumenical_altar, minmay_misc_feat_hallway
D:2:      cheibrodos_old_hovel, layout_rooms
D:3:      minmay_diamond_boxcup, layout_basic, kennysheep_generic_room_6,
          uniq_grinder

Skill      XL: |  1  2  3 |
---------------+----------+-----
Fighting       | 3 |  3.0
Dodging        | 3 |  3.0
Unarmed Combat | 4 |  4.0
Stealth        | |  0.2

Action                   |  1- 3 |  4- 6 || total
-------------------------+-------+-------++-------
Melee: Unarmed           |   124 |     9 ||   133
       Punch             |     2 |       ||     2
  Use: Scroll            |     1 |       ||     1
 Stab: Sleeping          |     1 |       ||     1
Armor: Animal skin       |    35 |     2 ||    37
Dodge: Dodged            |    44 |     1 ||    45

Table legend: (Time is in decaauts)
 A = Elapsed time spent in this place.
 B = Non-inter-level travel time spent in this place.
 C = Inter-level travel time spent in this place.
 D = Time resting spent in this place.
 E = Time spent auto-exploring this place.
 F = Levels seen in this place.
 G = Mean time per level.
                   A        B        C        D        E       F      G
               +--------+--------+--------+--------+--------+-----+--------+
         Total |   1967 |   1889 |     78 |      7 |    890 |   3 |  655.7 |
       Dungeon |   1967 |   1889 |     78 |      7 |    890 |   3 |  655.7 |
               +--------+--------+--------+--------+--------+-----+--------+

Top non-repeatable levels by time:
     D:1: 1102 daAuts
     D:2: 779 daAuts
     D:3: 85 daAuts
